 Dungeon Crawl Stone Soup version 0.18-a0-731-ga019a5f (webtiles) character file.

3941 4thArraOfDagon the Cleaver (level 10, 0/53 HPs)
             Began as a Vine Stalker Berserker on Dec 9, 2015.
             Was a Priest of Trog.
             Slain by a troll (6 damage)
             ... on level 11 of the Dungeon.
             The game lasted 00:09:18 (1560 turns).

4thArraOfDagon the Cleaver (Vine Stalker Berserker) Turns: 1560, Time: 00:09:18

Health: 0/53       AC: 17    Str: 21    XL:     10   Next: 21%
Magic:  0/13       EV:  7    Int:  9    God:    Trog [***...]
Gold:   129        SH:  0    Dex: 14    Spells: 0 memorised, 9 levels left

rFire  . . .     SeeInvis .     l - +2 hand axe (elec)
rCold  . . .     Clarity  .     A - +1 plate armour
rNeg   . . .     SustAt   .     (no shield)
rPois  .         Gourm    .     (no helmet)
rElec  .         Spirit   +     (no cloak)
rCorr  .         Dismiss  .     (no gloves)
rMut   .         Stasis   .     (no boots)
MR     ++++.                    (no amulet)
Stlth  ..........               m - ring of protection from magic
                                g - +4 ring of protection

@: lethally poisoned (0 -> 0), exhausted, regenerating, slowed, very slow,
incredibly resistant to hostile enchantments, extremely unstealthy
A: fangs 3, mutation resistance 1, regeneration 2, magic shield, antimagic bite,
no device heal 3, rot immunity
a: Berserk, Trog's Hand, Burn Spellbooks, Renounce Religion


You were on level 11 of the Dungeon.
You worshipped Trog.
Trog was most pleased with you.
You were hungry.

You visited 1 branch of the dungeon, and saw 11 of its levels.

You collected 129 gold pieces.

Inventory:

Hand Weapons
 f - a +0 hand axe of flaming
 k - a +0 war axe
 l - a +2 hand axe of electrocution (weapon)
 w - a +0 blowgun
Missiles
 x - 17 poisoned needles
Armour
 A - a +1 plate armour (worn)
Jewellery
 g - a +4 ring of protection (left hand)
 m - a ring of protection from magic (right hand)
Wands
 v - a wand of paralysis (7)
 y - a wand of frost (29)
 H - a wand of cold (13)
 I - a wand of paralysis (10)
Scrolls
 a - a scroll of magic mapping
 o - a scroll of fear {unknown}
 z - a scroll of noise
Potions
 d - 2 potions of curing {unknown}
 j - a potion of magic {unknown}
 n - a potion of might {unknown}
 q - a potion of haste {unknown}
 s - a potion of invisibility {unknown}
 B - a potion of heal wounds {unknown}
 K - a potion of beneficial mutation {unknown}
Books
 e - a book of Power

   Spells                             Type                      Level
   a - Fulminant Prism                Conjuration/Hexes            4
   b - Iskenderun's Mystic Blast      Conjuration                  4
   c - Venom Bolt                     Conjuration/Poison           5
   d - Bolt of Magma                  Conjuration/Fire/Earth       5
   e - Iron Shot                      Conjuration/Earth            6
   f - Orb of Destruction             Conjuration                  7
   g - Spellforged Servitor           Conjuration/Summoning        7
   Trog disapproves of the use of such an item.
 r - a book of Conjurations

   Spells                             Type                      Level
   a - Magic Dart                     Conjuration                  1
   b - Searing Ray                    Conjuration                  2
   c - Dazzling Spray                 Conjuration/Hexes            3
   d - Fulminant Prism                Conjuration/Hexes            4
   e - Iskenderun's Mystic Blast      Conjuration                  4
   f - Iskenderun's Battlesphere      Conjuration/Charms           5
   Trog disapproves of the use of such an item.
 C - a book of Transfigurations

   Spells                             Type                      Level
   a - Stoneskin                      Transmutation/Earth          2
   b - Irradiate                      Conjuration/Transmutation    5
   c - Statue Form                    Transmutation/Earth          6
   d - Hydra Form                     Transmutation                6
   e - Dragon Form                    Transmutation                7
   Trog disapproves of the use of such an item.
 J - a book of Summonings

   Spells                             Type                      Level
   a - Recall                         Summoning/Translocation      3
   b - Aura of Abjuration             Summoning                    5
   c - Shadow Creatures               Summoning                    5
   d - Summon Demon                   Summoning                    5
   e - Summon Forest                  Summoning/Translocation      5
   f - Summon Mana Viper              Hexes/Summoning              5
   Trog disapproves of the use of such an item.
Miscellaneous
 i - a plain deck of defence
Comestibles
 c - 4 bread rations
 p - a meat ration
 F - a slice of pizza


   Skills:
 + Level 6.9 Fighting
 * Level 9.4 Axes
 + Level 5.8 Armour
 - Level 1.5 Dodging
 + Level 3.8 Evocations


You had 9 spell levels left.
You didn't know any spells.

Dungeon Overview and Level Annotations

Branches:
Dungeon (11/15)            Temple (0/1) D:5
   Lair: D:8-11         Orc: D:9-12

Altars:
Ashenzari
Fedhas
Nemelex Xobeh
Qazlal
Ru
Trog
Zin

Shops:
D:6 [

Annotations:
D:4 4thArraOfDagon's ghost, weakling HEIE
D:11 Sonja


Innate Abilities, Weirdness & Mutations

You have razor-sharp teeth.
You heal very quickly.
When hurt, damage is shared between your health and your magic reserves.
Your bite disrupts and absorbs the magic of your enemies.
Potions and wands cannot restore your health.
You are immune to rotting.
You are somewhat resistant to further mutation.


Message History

The centaur skeleton hits you but does no damage.
The troll bites you but does no damage. The troll claws you but does no damage.
The troll claws you.
* * * LOW HITPOINT WARNING * * *
The centaur skeleton hits you but does no damage.
Unknown command.
Unknown command.
Evoke which item? (* to show all) (? for menu, Esc to quit)
Zapping:
I - a wand of paralysis (11)
Press: ? - help, Shift-Dir - straight line, f/p - troll
Aim: a troll (chance to defeat MR: 53%)
The troll resists with significant effort.
This wand has 10 charges left.
You feel very sick. The centaur skeleton hits you.
* * * LOW HITPOINT WARNING * * *
The troll bites you.
* * * LOW HITPOINT WARNING * * *
The troll claws you!
You die...

*,,,,,,*,,,,,,,.......#.
****##...,***,,,,,,,####...#.
*,,,..>..,+,,,,,,,,,+..'...'.
*,***#....***,,,,,,,####...#.
*,* #....* *******#########.
*,* #....##########.........
*,**##.##...................#
*,,,.......Z................+
****#.....KT@...............#
#......#########........#
#......******* #........#
#......,,,,,,* #.........
#......,,,,,,* ##########
#####..,,,,,,* #..,,,,,,*
***** #..,,,,,,* *,,,**
*,,,<,,,,****,,≈≈**


You could see a troll, Sonja and a centaur skeleton.

Vanquished Creatures
  An ugly thing (D:11)
  Joseph (D:7)
  The ghost of Alethiolet the Shield-Bearer, a novice FoFi of Pakellas (D:5)
  2 two-headed ogres
  2 trolls
  A deep elf mage (D:11)
  A hippogriff (D:10)
  2 ice beasts
  3 sky beasts
  An orc warrior (D:8)
  An ogre (D:5)
  5 centaurs
  A giant frog (D:8)
  A big kobold (D:8)
  2 centaur zombies
  An orc priest (D:5)
  A giant frog zombie (D:6)
  A hound (D:6)
  2 orc wizards (D:5)
  2 worker ants
  A hound zombie (D:8)
  3 adders
  A shadow imp (D:5)
  An ooze (D:2)
  4 giant geckos
  12 orcs
  3 bats
  4 hobgoblins
  12 jackals
  4 kobolds
  2 giant newts
  A quokka (D:9)
  A quokka zombie (D:7)
  A rat (D:1)
82 creatures vanquished.

Notes
Turn   | Place    | Note
--------------------------------------------------------------
     0 | D:1      | 4thArraOfDagon the Vine Stalker Berserker began the quest for the Orb.
     0 | D:1      | Reached XP level 1. HP: 11/11 MP: 2/2
   109 | D:2      | Reached skill level 3 in Axes
   109 | D:2      | Reached XP level 2. HP: 16/16 MP: 3/3
   143 | D:1      | Reached XP level 3. HP: 2/20 MP: 4/4
   302 | D:4      | Found a stormy altar of Qazlal.
   309 | D:4      | Found a blossoming altar of Fedhas.
   345 | D:4      | Found a shattered altar of Ashenzari.
   348 | D:4      | Found a glowing silver altar of Zin.
   356 | D:4      | Found a sparkling altar of Nemelex Xobeh.
   414 | D:5      | Entered Level 5 of the Dungeon
   414 | D:5      | Noticed Alethiolet's ghost (novice FoFi)
   424 | D:5      | Killed Alethiolet's ghost
   424 | D:5      | Reached skill level 4 in Axes
   424 | D:5      | Reached XP level 4. HP: 13/25 MP: 5/5
   424 | D:5      | Reached XP level 5. HP: 15/29 MP: 6/6
   424 | D:5      | Gained mutation: You heal very quickly. [Vine Stalker growth]
   424 | D:5      | Reached XP level 6. HP: 17/33 MP: 7/7
   466 | D:5      | Reached skill level 5 in Axes
   471 | D:5      | Reached ** piety under Trog
   525 | D:6      | Reached XP level 7. HP: 37/37 MP: 8/8
   533 | D:6      | Gained mutation: You are somewhat resistant to further mutation. [mutagenic meat]
   544 | D:6      | Found Ohoufy's Armour Shop.
   562 | D:5      | Found a staircase to the Ecumenical Temple.
   631 | D:4      | Noticed 4thArraOfDagon's ghost (weakling HEIE)
   651 | D:6      | Reached skill level 6 in Axes
   712 | D:6      | Gained mutation: You have razor-sharp teeth. [Vine Stalker growth]
   712 | D:6      | Reached XP level 8. HP: 35/42 MP: 7/9
   770 | D:7      | Noticed Joseph
   789 | D:7      | Killed Joseph
   789 | D:7      | Reached skill level 5 in Fighting
   789 | D:7      | Reached skill level 7 in Axes
   904 | D:8      | Reached skill level 1 in Evocations
   960 | D:8      | Reached XP level 9. HP: 48/48 MP: 9/11
  1076 | D:9      | Reached skill level 8 in Axes
  1093 | D:9      | Reached skill level 5 in Armour
  1124 | D:8      | Reached *** piety under Trog
  1206 | D:9      | Found a bloodstained altar of Trog.
  1208 | D:9      | Found a sacrificial altar of Ru.
  1352 | D:10     | Entered Level 10 of the Dungeon
  1505 | D:11     | Reached skill level 9 in Axes
  1522 | D:11     | Noticed a purple ugly thing
  1529 | D:11     | Killed a white ugly thing
  1529 | D:11     | Reached XP level 10. HP: 53/53 MP: 13/13
  1553 | D:11     | Noticed Sonja
  1560 | D:11     | Slain by a troll

Vault maps used:
D:1:      wheals_arrival_linesprint
D:2:      lemuel_doored_altar
D:3:      small_statue_intersection
D:4:      nicolae_dithmenos_through_a_glass_darkly, nemelex_deck,
          grunt_temple_overflow_cloverleaf, first_bread, st_stairs_12
D:5:      kiku_gazebo_garden_becter, minmay_temple_entry_mist
D:6:      nicolae_overflow_hidden_temple, serial_shops, shop
D:7:      kennysheep_mini, grunt_ministairs_14, the_bakery,
          minmay_misc_feat_more_columns,
          hangedman_abyss_or_decor_jellyfish_corner, uniq_joseph
D:9:      gammafunk_temple_overflow_pools, eino_house_with_fridge
D:10:     lair_0_dummy, orc_0_dummy
D:11:     minmay_weird_star, uniq_sonja

Action                   |  1- 3 |  4- 6 |  7- 9 | 10-12 || total
-------------------------+-------+-------+-------+-------++-------
Melee: Hand axe          |    48 |       |    23 |    11 ||    82
       War axe           |     9 |    10 |   141 |       ||   160
Invok: Berserk           |     3 |     2 |     7 |       ||    12
       Trog's Hand       |       |       |       |     1 ||     1
Evoke: Wand              |       |       |       |     5 ||     5
  Use: Scroll            |       |       |     9 |       ||     9
 Stab: Sleeping          |     2 |       |       |       ||     2
  Eat: Chunk             |     1 |     2 |    13 |       ||    16
       Pizza             |       |       |     1 |       ||     1
